 Dungeon Crawl Stone Soup version 0.28.0-49-g6dfe1f597d (webtiles) character file.

Game seed: 14943383503162529686

14896 Exodus22XD the Severer (level 11, -6/89 HPs)
             Began as a Minotaur Fighter on May 14, 2022.
             Was an Elder of Hepliaklqana.
             Mangled by an anaconda simulacrum (11 damage)
             ... in an ice cave.
             The game lasted 00:15:07 (9866 turns).

Exodus22XD the Severer (Minotaur Fighter)           Turns: 9866, Time: 00:15:07

Health: -6/89      AC: 31    Str: 33    XL:     11   Next: 94%
Magic:  16/16      EV:  5    Int:  5    God:    Hepliaklqana [****..]
Gold:   735        SH:  5    Dex: 11    Spells: 10/10 levels left

rFire   . . .      SeeInvis .   E - +0 broad axe (protect)
rCold   . . .      Faith    .   c - +0 buckler
rNeg    . . .      Spirit   .   L - +0 plate armour
rPois   .          Reflect  .   (helmet restricted)
rElec   .          Harm     .   (no cloak)
rCorr   .          Rampage  .   n - +2 pair of gloves {Str+3}
Will    .....                   D - +1 pair of boots
Stlth   ..........              s - amulet of the acrobat
HPRegen 0.24/turn               e - +6 ring of strength
MPRegen 0.15/turn               q - +4 ring of protection

@: under a protective aura, acrobatic, constricted
A: reduced essence, horns 2, retaliatory headbutt
a: Renounce Religion, Recall Ancestor, Ancestor Identity, Transference, Idealise


You were in an ice cave.
You worshipped Hepliaklqana.
Hepliaklqana was greatly pleased with you.
You visited 2 branches of the dungeon, and saw 12 of its levels.
You also visited: Ossuary, Bailey and Ice Cave.

You collected 735 gold pieces.

Inventory:

Hand Weapons
 B - a +2 vorpal war axe
 E - a +0 broad axe of protection (weapon)
 M - a +4 morningstar of freezing
Armour
 c - a +0 buckler (worn)
 n - a +2 pair of gloves of strength (worn)
 x - a +0 kite shield
 D - a +1 pair of boots (worn)
 L - a +0 plate armour (worn)
 N - a +1 kite shield of cold resistance
 O - +0 ice dragon scales
Jewellery
 e - a +6 ring of strength (left hand)
 f - a ring of magical power
 q - a +4 ring of protection (right hand)
 s - an amulet of the acrobat (around neck)
Wands
 t - a wand of paralysis (6)
 C - a wand of polymorph (17)
 I - a wand of acid (5)
 K - a wand of iceblast (7)
Scrolls
 b - 2 scrolls of immolation
 h - 6 scrolls of blinking {unknown}
 k - 9 scrolls of teleportation
 l - a scroll of noise {unknown}
 o - 3 scrolls of enchant weapon {unknown}
 p - 2 scrolls of holy word {unknown}
 y - a scroll of silence {unknown}
 A - a scroll of magic mapping {unknown}
 F - 2 scrolls of summoning
 G - 2 scrolls of fog
Potions
 a - 2 potions of heal wounds
 d - a potion of might
 g - a potion of degeneration {unknown}
 i - 9 potions of curing
 j - 4 potions of flight {unknown}
 m - 3 potions of mutation {unknown}
 r - a potion of ambrosia {unknown}
 u - 2 potions of invisibility {unknown}
 v - 3 potions of lignification {unknown}
 w - 3 potions of cancellation
 z - a potion of attraction {unknown}
 H - a potion of haste {unknown}
 J - a potion of berserk rage {unknown}


   Skills:
 + Level 9.9 Fighting
 + Level 15.4 Axes
 + Level 10.5 Armour
 + Level 6.7 Shields
 * Level 8.1 Invocations


You had 10 spell levels left.
You didn't know any spells.
Your spell library was empty.

Dungeon Overview and Level Annotations

Branches:
Dungeon (11/15)            Temple (1/1) D:5            Lair (0/6) D:10
Ossuary (visited)          Bailey (visited)           IceCv (1/1)
    Orc: D:9-12

Altars:
Ashenzari
Cheibriados
Dithmenos
Elyvilon
Fedhas
Gozag
Hepliaklqana
Kikubaaqudgha
Makhleb
Nemelex Xobeh
Okawaru
Qazlal
Ru
Sif Muna
Trog
Uskayaw
Vehumet
Wu Jian
Xom
Yredelemnul
Zin
The Shining One

Shops:
D:1 (

Annotations:
D:4 exclusion: oklob plant


Innate Abilities, Weirdness & Mutations

Your life essence is reduced to manifest your ancestor. (-10% HP)
You have a pair of horns on your head.
You reflexively headbutt those who attack you in melee.


Message History

The anaconda simulacrum bites Æthelred.
The anaconda simulacrum freezes Æthelred! Æthelred resists.
The ice devil hits you but does no damage.
You slash the ice devil!
You kill the ice devil!
The anaconda simulacrum bites Æthelred!
The anaconda simulacrum freezes Æthelred! Æthelred resists. Æthelred hits the anaconda simulacrum with a +0 quarterstaff.
The anaconda simulacrum barely misses Æthelred.
You slice the ice devil!!
The ice devil is heavily wounded. Æthelred barely misses the anaconda simulacrum.
The anaconda simulacrum closely misses Æthelred.
The ice devil hits you but does no damage.
An elephant simulacrum comes into view.
You slice the ice devil!!
You kill the ice devil!
You feel a little less mighty now.
The anaconda simulacrum bites Æthelred. Æthelred is destroyed!
You slice the anaconda simulacrum!!
The anaconda simulacrum is severely damaged.
The anaconda simulacrum grabs you. The anaconda simulacrum bites you.
The anaconda simulacrum freezes you!! The anaconda simulacrum constricts you.
The anaconda simulacrum bites you but does no damage.
The anaconda simulacrum completely misses you.
The anaconda simulacrum constricts you.
Okay, then.
The anaconda simulacrum loses its grip on you.
You block the anaconda simulacrum's attack.
Keep disrobing?
You stop removing your armour.
The anaconda simulacrum bites you but does no damage.
The anaconda simulacrum grabs you. The anaconda simulacrum bites you!
The anaconda simulacrum freezes you!!
* * * LOW HITPOINT WARNING * * *
The anaconda simulacrum constricts you. The anaconda simulacrum bites you!
You die...

._..Z. #..### ##..
Z.44Z #...## ##.
.Z.Z ##...### ##
W4Z## ###...###
.4.## ###...###
.4.##### ##....##
###WZ.##.## ###....
#..Z.##...## ###..
#.@###..#..########
##.....###.....###.
##...## ##........
########8........
#...........
#.).........
####.......#
###...### ##..#


You could see an ice devil, a freezing wraith and 2 anaconda simulacra.

Vanquished Creatures
  A vault guard (Bailey)
  Urug (D:11)
  3 ugly things
  A manticore (D:11)
  Maggie (D:7)
  A komodo dragon (D:8)
  A freezing wraith (IceCv)
  3 kobold demonologists
  3 ice devils (IceCv)
  Prince Ribbit (Bailey)
  3 hornets
  2 dire elephant simulacra (IceCv)
  A wyvern (D:4)
  A wraith (D:11)
  2 humans (Bailey)
  A death yak simulacrum (IceCv)
  3 water moccasins
  A sky beast (D:6)
  A black bear (D:8)
  3 orc warriors
  2 necrophages
  2 centaurs
  2 phantoms
  6 kobold brigands
  Blork the orc (D:6)
  5 bullfrogs
  2 cane toad simulacra (IceCv)
  2 scorpions (D:6)
  A wyvern skeleton (D:5)
  A water moccasin skeleton (D:6)
  2 elephant simulacra (IceCv)
  10 killer bees (D:8)
  A howler monkey (D:6)
  11 wights
  2 centaur zombies
  2 bullfrog zombies (D:5)
  3 hounds
  3 jellies
  4 orc priests
  2 human zombies (Ossuary)
  2 bullfrog skeletons
  3 iguanas
  8 orc wizards
  3 polar bear simulacra (IceCv)
  A killer bee zombie (D:7)
  A hound skeleton (D:5)
  4 mummies (Ossuary)
  A howler monkey zombie (D:9)
  4 gnolls (D:7)
  7 adders
  A white imp (IceCv)
  5 ufetubi
  An adder zombie (Ossuary)
  An adder skeleton (D:4)
  A worm (D:3)
  5 dart slugs
  30 orcs
  A bat (D:1)
  3 endoplasms
  3 giant cockroaches
  8 hobgoblins
  A quokka (D:1)
  6 ball pythons
  2 frilled lizards
  5 goblins
  3 hobgoblin zombies (Ossuary)
  2 jackal zombies (Ossuary)
  14 kobolds
  3 orc zombies (Ossuary)
  4 rats
  A rat zombie (Ossuary)
232 creatures vanquished.

Vanquished Creatures (collateral kills)
  A vault guard (Bailey)
  A two-headed ogre (D:9)
  A kobold demonologist (D:10)
  A freezing wraith (IceCv)
  A troll (D:10)
  3 humans (Bailey)
  2 orc warriors (D:9)
  A centaur (D:9)
  2 kobold brigands
  3 bullfrogs (Bailey)
  A two-headed ogre simulacrum (IceCv)
  2 killer bees (D:8)
  An elephant simulacrum (IceCv)
  A wight (D:9)
  A hound (D:6)
  An orc priest (D:9)
  2 orc wizards
  A gnoll (Bailey)
  A white imp (IceCv)
  5 orcs
  A hobgoblin (Bailey)
  3 kobolds
36 creatures vanquished.

Vanquished Creatures (others)
  7 battlemagi
  2 ancestors
  6 plants
  15 toadstools (D:4)
30 creatures vanquished.

Grand Total: 298 creatures vanquished

Notes
Turn   | Place    | Note
-------+----------+-------------------------------------------
     0 | D:1      | Exodus22XD the Minotaur Fighter began the quest for the
                  | Orb.
     0 | D:1      | Reached XP level 1. HP: 19/19 MP: 0/0
   119 | D:1      | Reached XP level 2. HP: 27/27 MP: 1/1
   255 | D:1      | Found Osaigaorph's Antique Weapon Boutique.
   879 | D:2      | Reached XP level 3. HP: 28/33 MP: 2/2
   960 | D:2      | Reached skill level 3 in Axes
  1399 | D:3      | Reached XP level 4. HP: 36/41 MP: 3/3
  2144 | D:4      | Found a white marble altar of Elyvilon.
  2163 | D:4      | Noticed a phantom
  2170 | D:4      | Killed a phantom
  2171 | D:4      | Reached skill level 4 in Axes
  2171 | D:4      | Reached XP level 5. HP: 45/47 MP: 4/4
  2174 | D:4      | Noticed a wyvern
  2178 | D:4      | Reached skill level 5 in Armour
  2182 | D:4      | Killed a wyvern
  2183 | D:4      | Reached skill level 5 in Axes
  2183 | D:4      | Reached XP level 6. HP: 27/55 MP: 5/5
  2359 | D:4      | Reached skill level 5 in Fighting
  2359 | D:4      | Reached skill level 6 in Axes
  2502 | D:4      | Found a blossoming altar of Fedhas.
  2530 | D:4      | Noticed an oklob plant
  2804 | D:5      | Entered Level 5 of the Dungeon
  2867 | D:5      | Reached XP level 7. HP: 55/61 MP: 6/6
  2916 | D:5      | Found a staircase to the Ecumenical Temple.
  2923 | Temple   | Entered the Ecumenical Temple
  2973 | Temple   | Became a worshipper of Hepliaklqana the Forgotten
  3011 | D:5      | Found a sand-covered staircase.
  3016 | Ossuary  | Entered an ossuary
  3036 | Ossuary  | Reached skill level 7 in Axes
  3227 | Ossuary  | Reached skill level 1 in Invocations
  3419 | D:5      | Found a radiant altar of Vehumet.
  3475 | D:5      | Found an opulent altar of Gozag.
  3621 | D:5      | Reached skill level 8 in Axes
  3825 | D:5      | Reached * piety under Hepliaklqana
  3867 | D:5      | Noticed a hornet
  3870 | D:5      | Paralysed by a hornet for 2 turns
  3881 | D:5      | Killed a hornet
  3882 | D:5      | Reached XP level 8. HP: 41/62 MP: 7/9
  4079 | D:6      | Reached skill level 9 in Axes
  4164 | D:6      | Noticed Blork the orc
  4170 | D:6      | Killed Blork the orc
  4380 | D:6      | Reached skill level 10 in Axes
  4495 | D:6      | Found a shadowy altar of Dithmenos.
  4593 | D:6      | Reached XP level 9. HP: 67/67 MP: 10/10
  4958 | D:7      | Reached skill level 11 in Axes
  5160 | D:7      | Reached skill level 5 in Shields
  5247 | D:7      | Noticed Maggie
  5262 | D:7      | Killed Maggie
  5304 | D:7      | Reached ** piety under Hepliaklqana
  5305 | D:7      | Remembered your ancestor Æthelred as a battlemage
  5338 | D:7      | Found a flagged portal.
  5349 | Bailey   | Entered a bailey
  5408 | Bailey   | Reached skill level 5 in Invocations
  5477 | Bailey   | Reached skill level 12 in Axes
  5489 | Bailey   | Noticed Prince Ribbit
  5489 | Bailey   | Noticed a vault guard
  5497 | Bailey   | Killed Prince Ribbit
  5498 | Bailey   | Reached XP level 10. HP: 53/77 MP: 13/13
  5498 | Bailey   | Killed a vault guard
  5531 | Bailey   | Noticed a vault guard
  5539 | Bailey   | Killed a vault guard
  6151 | D:8      | Reached skill level 13 in Axes
  6159 | D:8      | Found an ancient bone altar of Kikubaaqudgha.
  6555 | D:8      | Reached *** piety under Hepliaklqana
  6635 | D:8      | Found an ornate altar of the Wu Jian Council.
  6912 | D:8      | Found a shimmering altar of Xom.
  7631 | D:9      | Reached XP level 11. HP: 85/85 MP: 15/15
  7667 | D:9      | Noticed a two-headed ogre
  7673 | D:9      | Killed a two-headed ogre
  7680 | D:9      | Reached skill level 14 in Axes
  8072 | D:10     | Entered Level 10 of the Dungeon
  8116 | D:10     | Reached **** piety under Hepliaklqana
  8645 | D:10     | Found an iron altar of Okawaru.
  8689 | D:10     | Found a staircase to the Lair.
  8916 | D:10     | Found a glowing golden altar of the Shining One.
  9208 | D:11     | Noticed Urug
  9208 | D:11     | Noticed a purple ugly thing
  9221 | D:11     | Killed a purple ugly thing
  9224 | D:11     | Killed Urug
  9225 | D:11     | Reached skill level 10 in Armour
  9258 | D:11     | Found a frozen archway.
  9264 | IceCv    | Entered an ice cave
  9588 | IceCv    | Reached skill level 15 in Axes
  9780 | IceCv    | Noticed a white ugly thing
  9789 | IceCv    | Killed a white ugly thing
  9808 | IceCv    | Noticed a white ugly thing
  9822 | IceCv    | Killed a white ugly thing
  9856 | IceCv    | Found an ancient bone altar of Kikubaaqudgha.
  9866 | IceCv    | Mangled by an anaconda simulacrum

Illustrated notes

Levels and vault maps discovered:
D:1:      matt_arrival_refuge, layout_rooms, serial_shops,
          nicolae_shop_overgrown_old_shop, st_stairs_4
D:2:      layout_loops_ring, lemuel_old_faithful
D:3:      layout_basic
D:4:      layout_cave_pools, mainiacjoe_overflow_cross_hatched, tgw_fedhas,
          amcnicky_mini_pool_small
D:5:      layout_loops_ring, mainiacjoe_overflow_six_doors_small,
          kennysheep_mini, minmay_temple_entry_gardened_gates, enter_ossuary_2
D:6:      layout_rooms, kennysheep_little_box, minivault_4, grunt_ministairs_3,
          uniq_blork_the_orc
D:7:      layout_loops_corners, enter_bailey_2, uniq_maggie
D:8:      hellmonk_destroyed_diamonds, layout_basic, nzn_wu_jian_council_hall,
          nicolae_kikubaaqudgha_miasma_corner, xom_butterflies, eino_jars
D:9:      layout_cave_pools
D:10:     layout_loops_ring, mainiacjoe_overflow_boulevard, tso_oasis_becter,
          lair_entry_dummy
D:11:     layout_cave_pods, portal_ice_cave_entry_pillars_1, uniq_grum,
          uniq_urug
Temple:   nicolae_temple_x_marks_the_god
IceCv:    ice_cave_small_necro

Skill      XL: |  1  2  3  4  5  6  7  8  9 10 11 |
---------------+----------------------------------+-----
Fighting       | 4 5 6 7 8 9 |  9.9
Armour         | 4 5 6 7 8 9 10 | 10.5
Shields        | 4 5 6 |  6.7
Axes           | 3 4 5 6 8 10 12 13 15 | 15.4
Invocations    | 2 3 5 6 8 |  8.1

Action                   |  1- 3 |  4- 6 |  7- 9 | 10-12 || total
-------------------------+-------+-------+-------+-------++-------
Melee: War axe           |    70 |    56 |   235 |   175 ||   536
       Headbutt          |     9 |    12 |    49 |    35 ||   105
       Broad axe         |       |       |       |    71 ||    71
Invok: Ancestor Life: Ba |       |       |     1 |       ||     1
Evoke: Wand              |       |       |     1 |       ||     1
  Use: Potion            |       |     1 |     1 |     1 ||     3
       Scroll            |       |       |       |    11 ||    11
 Stab: Paralysed         |       |       |     3 |       ||     3
Armor: Scale mail        |    34 |       |       |       ||    34
       Chain mail        |     1 |    28 |   123 |    38 ||   190
       Plate armour      |       |       |       |   137 ||   137
Dodge: Dodged            |    21 |    20 |    92 |   116 ||   249
Block: Buckler           |    13 |    10 |    55 |    59 ||   137
